 Dungeon Crawl Stone Soup version 0.18.1-8-gdd0e5ea (webtiles) character file.

3950 mistymad the Ruffian (level 10, -8/138 HPs)
             Began as a Naga Transmuter on May 22, 2016.
             Was a Follower of Cheibriados.
             Mangled by pipel's ghost (17 damage)
             ... on level 8 of the Dungeon.
             The game lasted 01:00:13 (10611 turns).

mistymad the Ruffian (Naga Transmuter)             Turns: 10611, Time: 01:00:14

Health: -8/138     AC: 28    Str: 16    XL:     10   Next: 21%
Magic:  3/19       EV:  1    Int: 19    God:    Cheibriados [*.....]
Gold:   583        SH:  0    Dex: 20    Spells: 5 memorised, 9 levels left

rFire  . . .     SeeInvis +       - Unarmed
rCold  . . .     Gourm    .     (armour currently unavailable)
rNeg   + + +     Faith    .     (no shield)
rPois  +         Spirit   .     (helmet currently unavailable)
rElec  .         Dismiss  .     (cloak currently unavailable)
rCorr  .         Reflect  .     (gloves currently unavailable)
SustAt .         Harm     .     (no barding)
MR     ++...     NoTele   +     (no amulet)
Stlth  +++.......               E - +3 ring of protection
                                q - ring of protection from magic

@: agile, tree-form, very slow, very resistant to hostile enchantments, fairly
stealthy
A: see invisible, (deformed body), (poison resistance), (slowness 0), slow
metabolism 1, spit poison 2, AC +3
a: Spit Poison, Bend Time, Renounce Religion


You were on level 8 of the Dungeon.
You worshipped Cheibriados.
Cheibriados was aware of your devotion.
You were not hungry.
You were a tree.
You visited 2 branches of the dungeon, and saw 9 of its levels.

You collected 583 gold pieces.

Inventory:

Missiles
 a - 176 arrows
Armour
 b - a +0 robe (melded)
 f - a +1 pair of gloves (melded)
 L - a +0 cloak (melded)
Jewellery
 q - a ring of protection from magic (left branch)
 E - a +3 ring of protection (right branch)
Wands
 o - a wand of paralysis (1/24)
 r - a wand of digging (17/24)
 I - a wand of digging (14/24)
Scrolls
 e - 6 scrolls of remove curse
 j - 3 scrolls of enchant armour
 k - a scroll of acquirement {unknown}
 p - a scroll of blinking {unknown}
 v - a scroll of amnesia {unknown}
 w - 2 scrolls of teleportation {unknown}
 y - a scroll of recharging {unknown}
 A - a scroll of summoning {unknown}
 C - 2 scrolls of enchant weapon {unknown}
 D - 2 scrolls of fog {unknown}
 G - a scroll of random uselessness {unknown}
Potions
 n - a potion of flight {unknown}
 s - 3 potions of mutation
 x - a potion of brilliance {unknown}
 B - a potion of cure mutation {unknown}
 H - a potion of ambrosia {unknown}
Books
 c - a book of Changes

   Spells                             Type                      Level
   a - Beastly Appendage              Transmutation                1
   b - Sticks to Snakes               Transmutation                2
   c - Spider Form                    Transmutation/Poison         3
   d - Ice Form                       Ice/Transmutation            4
   e - Blade Hands                    Transmutation                5
 F - a book of Frost

   Spells                             Type                      Level
   a - Freeze                         Ice                          1
   b - Throw Frost                    Conjuration/Ice              2
   c - Ozocubu's Armour               Charms/Ice                   3
   d - Throw Icicle                   Conjuration/Ice              4
   e - Summon Ice Beast               Ice/Summoning                4
 J - a book of Party Tricks

   Spells                             Type                      Level
   a - Summon Butterflies             Summoning                    1
   b - Apportation                    Translocation                1
   c - Tukima's Dance                 Hexes                        3
   d - Alistair's Intoxication        Transmutation/Poison         5
   e - Invisibility                   Hexes                        6
Miscellaneous
 K - a plain deck of summoning
Comestibles
 d - 8 bread rations
 h - 6 meat rations
 i - a slice of pizza
 m - a fruit
 t - a beef jerky


   Skills:
 + Level 6.3 Fighting
 + Level 5.5 Dodging
 + Level 7.1 Unarmed Combat
 + Level 6.3 Spellcasting
 + Level 6.8 Transmutations


You had 9 spell levels left.
You knew the following spells:

 Your Spells              Type           Power        Failure   Level  Hunger
a - Beastly Appendage     Trmt           ####..       1%          1    None
b - Sticks to Snakes      Trmt           ####....     1%          2    None
c - Spider Form           Trmt/Pois      ###.......   10%         3    ##.....
d - Blade Hands           Trmt           ####......   21%         5    #####..
e - Summon Butterflies    Summ           #.......     12%         1    None


Dungeon Overview and Level Annotations

Branches:
Dungeon (8/15)             Temple (1/1) D:5
   Lair: D:8-11

Altars:
Ashenzari
Cheibriados
Dithmenos
Elyvilon
Fedhas
Gozag
Kikubaaqudgha
Makhleb
Nemelex Xobeh
Okawaru
Pakellas
Qazlal
Ru
Sif Muna
Trog
Vehumet
Xom
Yredelemnul
Zin
The Shining One

Shops:
D:4 [

Annotations:
D:6 exclusion: statue
D:8 pipel's ghost, novice TrMo


Innate Abilities, Weirdness & Mutations

You cannot wear boots.
((Your serpentine skin is tough (AC +3).))
You have supernaturally acute eyesight.
((Armour fits poorly on your strangely shaped body.))
((Your system is resistant to poisons.))
((You cover ground very slowly.))
You have a slow metabolism.
You can spit poison.


Message History

Pipel's ghost hits you but does no damage.
You smack pipel's ghost!
Pipel's ghost is moderately damaged.
Your adder bites pipel's ghost but does no damage. x2
Pipel's ghost hits you but does no damage.
You smack pipel's ghost!
Pipel's ghost is heavily damaged.
Your adder barely misses pipel's ghost.
Pipel's ghost hits you but does no damage.
You closely miss pipel's ghost.
Pipel's ghost is heavily damaged.
Your adder misses pipel's ghost. You hit pipel's ghost.
Pipel's ghost is heavily damaged.
Pipel's ghost completely misses you.
Your adder closely misses pipel's ghost.
You hit pipel's ghost.
Pipel's ghost is heavily damaged.
Pipel's ghost hits you!
You die...

##########W#.#####.######.......#
#S#SS...#.........####.#
#.#####.#.#######.# #.# #.# #.#.#
#.####.# #.# #.#.# #.##.... #.#
#.#.#######....... #.#.#
#S#............... #.#.#
#W#..?............ ##########.#.#
#♣#............#.# ...........#.#
#.#...............
############.#.#.#...............
.....#######.#.#.#)).............
...)........$..#.#.#'########....
..<..........###.#.#.............
####....##.......#.###########...
.................#......(........
####..[.##......##############...


You could see pipel's ghost and a friendly adder.

Vanquished Creatures
  Maurice (D:8)
  A hippogriff (D:7)
  2 black bears
  2 ice beasts
  An orc warrior (D:8)
  2 phantoms
  3 ogres (D:5)
  A sky beast (D:8)
  3 centaurs (D:7)
  4 giant frogs
  A water moccasin skeleton (D:3)
  2 scorpions
  7 killer bees
  A jelly (D:7)
  2 crimson imps
  A howler monkey (D:4)
  A giant frog zombie (D:6)
  5 hounds
  2 giant frog skeletons
  3 orc priests
  7 orc wizards
  An iguana (D:7)
  8 worker ants
  A hound skeleton (D:7)
  7 gnolls
  4 adders
  2 shadow imps
  2 oozes (D:3)
  An adder zombie (D:5)
  A dart slug (D:1)
  5 giant geckos
  36 orcs
  9 giant cockroaches
  12 goblins
  11 hobgoblins
  16 jackals
  3 quokkas
  2 ball pythons
  9 bats
  6 giant newts
  10 kobolds
  8 rats
  A bush (D:2)
207 creatures vanquished.

Vanquished Creatures (collateral kills)
  A hill giant (D:7)
  A killer bee (D:8)
  An orc priest (D:3)
  An orc (D:3)
  A hobgoblin (D:2)
  2 jackals (D:2)
  2 kobolds (D:2)
  A rat (D:3)
  2 butterflies (D:5)
12 creatures vanquished.

Grand Total: 219 creatures vanquished

Notes
Turn   | Place    | Note
--------------------------------------------------------------
     0 | D:1      | mistymad the Naga Transmuter began the quest for the Orb.
     0 | D:1      | Reached XP level 1. HP: 18/18 MP: 3/3
   171 | D:1      | Reached XP level 2. HP: 25/25 MP: 3/5
   648 | D:1      | Reached XP level 3. HP: 31/31 MP: 6/6
  1283 | D:2      | Learned a level 2 spell: Sticks to Snakes
  1691 | D:1      | Reached XP level 4. HP: 7/38 MP: 7/7
  1946 | D:1      | Learned a level 3 spell: Spider Form
  2139 | D:2      | Found a burning altar of Makhleb.
  3264 | D:3      | Reached XP level 5. HP: 23/45 MP: 5/9
  4047 | D:3      | Reached XP level 6. HP: 43/52 MP: 5/10
  4315 | D:4      | Reached skill level 4 in Unarmed Combat
  4320 | D:4      | Found Misch's Antique Armour Shoppe.
  4418 | D:4      | Noticed a phantom
  4470 | D:4      | Killed a phantom
  4994 | D:4      | Found a glowing golden altar of the Shining One.
  5069 | D:4      | Learned a level 5 spell: Blade Hands
  5150 | D:4      | Reached XP level 7. HP: 57/61 MP: 5/12
  5205 | D:5      | Entered Level 5 of the Dungeon
  5533 | D:5      | Found a runed door.
  5574 | D:5      | Found a runed door.
  5973 | D:5      | Reached skill level 5 in Unarmed Combat
  5973 | D:5      | Reached XP level 8. HP: 43/69 MP: 8/14
  6133 | D:5      | Found a sacrificial altar of Ru.
  6136 | D:5      | Found a shimmering altar of Xom.
  6136 | D:5      | Found a glowing silver altar of Zin.
  6136 | D:5      | Found an opulent altar of Gozag.
  6244 | D:5      | Found a stormy altar of Qazlal.
  6247 | D:5      | Found an oddly glowing altar of Pakellas.
  6247 | D:5      | Found a deep blue altar of Sif Muna.
  6250 | D:5      | Found an ancient bone altar of Kikubaaqudgha.
  6428 | D:5      | Found an ancient bone altar of Kikubaaqudgha.
  6496 | D:5      | Found a staircase to the Ecumenical Temple.
  6515 | Temple   | Entered the Ecumenical Temple
  7159 | D:6      | Reached skill level 5 in Transmutations
  7350 | D:6      | Found a bloodstained altar of Trog.
  7422 | D:6      | Found a shattered altar of Ashenzari.
  7903 | D:6      | Found a radiant altar of Vehumet.
  7913 | D:6      | Reached skill level 5 in Spellcasting
  8065 | D:7      | Reached XP level 9. HP: 79/79 MP: 8/16
  8072 | D:7      | Noticed a hill giant
  8086 | D:7      | Killed a hill giant
  8086 | D:7      | Reached skill level 5 in Fighting
  8086 | D:7      | Reached skill level 6 in Unarmed Combat
  8900 | Temple   | Became a worshipper of Cheibriados the Contemplative
  9203 | D:7      | Reached skill level 5 in Dodging
  9957 | D:8      | Reached * piety under Cheibriados
  9993 | D:8      | Noticed Maurice
 10016 | D:8      | Killed Maurice
 10016 | D:8      | Reached skill level 7 in Unarmed Combat
 10016 | D:8      | Reached XP level 10. HP: 83/91 MP: 8/19
 10389 | D:8      | Learned a level 1 spell: Summon Butterflies
 10552 | D:8      | Noticed pipel's ghost (novice TrMo)
 10611 | D:8      | Mangled by pipel's ghost

Skill      XL: |  1  2  3  4  5  6  7  8  9 |
---------------+----------------------------+-----
Dodging        | 2 3 4 5 |  5.5
Transmutations | 3 4 5 6 |  6.8
Spellcasting   | 3 4 5 6 |  6.3
Fighting       | 2 3 4 6 |  6.3
Unarmed Combat | 4 5 7 |  7.1

Action                   |  1- 3 |  4- 6 |  7- 9 | 10-12 || total
-------------------------+-------+-------+-------+-------++-------
Melee: Unarmed           |    75 |   270 |   365 |    67 ||   777
       Headbutt          |     4 |     8 |     2 |       ||    14
       Punch             |       |     3 |       |       ||     3
 Cast: Beastly Appendage |    11 |     8 |     2 |       ||    21
       Sticks to Snakes  |     3 |     4 |    25 |    10 ||    42
       Spider Form       |       |    21 |    49 |     9 ||    79
       Summon Butterflie |       |       |       |     3 ||     3
 Abil: Spit Poison       |    29 |    27 |    15 |     1 ||    72
  Use: Potion            |     1 |     1 |     1 |     4 ||     7
       Scroll            |       |       |     6 |       ||     6
 Stab: Distracted        |       |     1 |     3 |       ||     4
  Eat: Chunk             |     3 |    15 |    16 |     3 ||    37
       Fruit             |       |       |     1 |       ||     1
Armor: Robe              |     8 |    37 |    16 |       ||    61
       Skin              |       |     5 |    20 |     8 ||    33
Dodge: Dodged            |    55 |   148 |   329 |    49 ||   581
